 Dungeon Crawl Stone Soup version 0.31-a0-819-gf6de2f5ab6 (webtiles) character file.

Game seed: 12396679156503084769

441 hikkokomori the Digger (level 7, -3/41 HPs)
             Began as a Gargoyle Earth Elementalist on Sept 24, 2023.
             Killed from afar by a white imp (9 damage)
             ... with a puff of frost
             ... summoned by Eustachio
             ... on level 4 of the Dungeon.
             The game lasted 00:10:54 (2727 turns).

hikkokomori the Digger (GrEE)                       Turns: 2727, Time: 00:10:55

Health: -3/41      AC:  6    Str: 12    XL:     7   Next: 2%
Magic:  4/11       EV:  9    Int: 17    God:
Gold:   126        SH:  8    Dex: 10    Spells: 5/11 levels left

rFire   . . .        h - +1 dagger (protect)
rCold   . . .        d - +0 kite shield
rNeg    + . .        a - +0 robe
rPois   ∞            (no helmet)
rElec   +            (no cloak)
rCorr   .            (no gloves)
SInv    .            (no boots)
Will    .....        (no amulet)
Stlth   ++           (no ring)
HPRegen 0.26/turn    (no ring)
MPRegen 0.12/turn

%: no passive effects
@: no status effects
A: sickness immunity, AC +4, negative energy resistance 1, electricity
resistance, torment resistance 1, petrification resistance
a: no special abilities


You were on level 4 of the Dungeon.
You visited 1 branch of the dungeon, and saw 4 of its levels.

You collected 126 gold pieces.

Inventory:

Hand Weapons
 c - a +0 club
 e - a +0 club
 h - a +1 dagger of protection (weapon)
Armour
 a - a +0 robe (worn)
 d - a +0 kite shield (worn)
 m - a +0 ring mail
Potions
 b - 2 potions of magic
 f - a potion of curing
 g - a potion of resistance {unknown}
 i - a potion of degeneration {unknown}
 j - a potion of brilliance {unknown}
 k - a potion of might
 l - a potion of lignification {unknown}
 n - a potion of heal wounds {unknown}


   Skills:
 + Level 3.1 Fighting
 - Level 1.5 Dodging
 + Level 4.1 Stealth
 + Level 3.1 Shields
 + Level 2.7 Spellcasting
 - Level 2.4 Conjurations
 - Level 0.7 Transmutations
 + Level 5.1 Earth Magic


You had 5 spell levels left.
You knew the following spells:

 Your Spells              Type           Power      Damage    Failure   Level
a - Sandblast             Erth           38%        2d10      9%          1
b - Stone Arrow           Conj/Erth      30%        3d8       38%         3
c - Passwall              Tmut/Erth      10%        N/A       30%         2

Your spell library contained the following spells:

 Spells                   Type           Power      Damage    Failure   Level
 Magic Dart               Conj           40%        1d5       26%         1
 Sting                    Tmut/Pois      12%        1d3       52%         1
 Momentum Strike          Conj/Tloc      12%        3d8       54%         2
 Slow                     Hex            8%         N/A       56%         1
 Summon Small Mammal      Summ           8%         N/A       56%         1
 Blink                    Tloc           4%         N/A       71%         2
 Call Imp                 Summ           4%         N/A       71%         2
 Lesser Beckoning         Tloc           4%         N/A       71%         2
 Brom's Barrelling Bould  Conj/Erth      15%        2d4       80%         4
 Mephitic Cloud           Conj/Pois/Air  5%         N/A       83%         3
 Petrify                  Tmut/Erth      12%        N/A       90%         4


Dungeon Overview and Level Annotations

Branches:
Dungeon (4/15)
 Temple: D:4-7

Altars:
Elyvilon
Trog
Zin

Shops:
D:1 !

Annotations:
D:4 Eustachio


Innate Abilities, Weirdness & Mutations

You are immune to sickness and miasma.
Your stone body is resilient. (AC +4)
You are immune to poison.
You resist negative energy. (rN+)
You are resistant to electric shocks. (rElec)
You are resistant to unholy torment.
You are immune to petrification.


Message History

Aim: Eustachio, wielding a +0 rapier and wearing a +0 leather armour (lightly wounded, 75% to hit)
The blast of sand hits Eustachio.
Eustachio is lightly wounded.
Eustachio mumbles some strange words.
Eustachio blinks!
Eustachio hits you with a +0 rapier.
* * * LOW HITPOINT WARNING * * *
Unknown command.
Unknown command.
Casting: Sandblast (safe; 9% risk of failure)
Confirm with . or Enter, or press ? or * to list all spells.
Aiming: Sandblast (safe; 9% risk of failure)
Press: ? - help, Shift-Dir - straight line, f/p - Eustachio
Aim: Eustachio, wielding a +0 rapier and wearing a +0 leather armour (lightly wounded, 75% to hit)
The blast of sand hits Eustachio.
Eustachio is lightly wounded.
Eustachio hits you with a +0 rapier.
* * * LOW HITPOINT WARNING * * *
Unknown command.
Casting: Sandblast (safe; 9% risk of failure)
Confirm with . or Enter, or press ? or * to list all spells.
Aiming: Sandblast (safe; 9% risk of failure)
Press: ? - help, Shift-Dir - straight line, f/p - Eustachio
Aim: Eustachio, wielding a +0 rapier and wearing a +0 leather armour (lightly wounded, 75% to hit)
The blast of sand misses Eustachio.
Eustachio casts a spell.
You block Eustachio's attack.
Unknown command.
It was a potion of curing.
You feel better.
Eustachio casts a spell.
Eustachio blinks!
The white imp hits you but does no damage.
Casting: Sandblast (safe; 9% risk of failure)
Confirm with . or Enter, or press ? or * to list all spells.
Okay, then.
The iron imp lashes its tail.
The iron imp hits you.
* * * LOW HITPOINT WARNING * * *
The white imp gestures at you. The puff of frost hits you!
You die...

........##...#
........##...#
..##....##...#
####......##
#.......#
#..##....##
#.. #####.####
#.. ##5..# #.
#@### .. ##.#
#5## #@# .###
##.#
.....##..#
g...|...##
...@....#
.........#


You could see Eustachio, an iron imp (summoned) and a white imp (summoned).

Vanquished Creatures
  Grinder (D:3)
  Terence (D:2)
  8 gnolls
  7 adders
  2 worms (D:3)
  A dart slug (D:1)
  7 ball pythons
  5 endoplasms
  A giant cockroach (D:1)
  10 goblins
  6 hobgoblins
  6 jackals
  4 quokkas
  10 bats
  5 frilled lizards
  5 kobolds
  2 rats
81 creatures vanquished.

Notes
Turn   | Place    | Note
-------+----------+-------------------------------------------
     0 | D:1      | hikkokomori the Gargoyle Earth Elementalist began the quest
                  | for the Orb.
     0 | D:1      | Reached XP level 1. HP: 10/10 MP: 3/3
   121 | D:1      | Reached XP level 2. HP: 16/16 MP: 3/5
   316 | D:1      | Reached skill level 1 in Fighting
   433 | D:1      | Found Aczuobu's Distillery.
   488 | D:1      | Reached skill level 1 in Shields
   547 | D:1      | Reached skill level 4 in Earth Magic
   549 | D:1      | Reached XP level 3. HP: 20/20 MP: 2/6
   923 | D:1      | Learned a level 3 spell: Stone Arrow
   926 | D:1      | Learned a level 2 spell: Passwall
  1113 | D:2      | Reached XP level 4. HP: 25/25 MP: 5/7
  1120 | D:2      | Reached skill level 1 in Conjurations
  1443 | D:2      | Noticed Terence
  1454 | D:2      | Killed Terence
  1455 | D:2      | Reached XP level 5. HP: 26/30 MP: 2/8
  1544 | D:2      | Got a moth-eaten book
  2407 | D:3      | Noticed Grinder
  2422 | D:3      | Reached XP level 6. HP: 36/36 MP: 1/9
  2521 | D:3      | Paralysed by Grinder for 3 turns
  2528 | D:3      | Paralysed by Grinder for 4 turns
  2538 | D:3      | Killed Grinder
  2539 | D:3      | Reached skill level 5 in Earth Magic
  2588 | D:4      | Reached XP level 7. HP: 41/41 MP: 9/11
  2674 | D:4      | Found a white marble altar of Elyvilon.
  2674 | D:4      | Found a glowing silver altar of Zin.
  2675 | D:4      | Found a bloodstained altar of Trog.
  2691 | D:4      | Noticed Eustachio
  2727 | D:4      | Killed from afar by a white imp

Illustrated notes

Levels and vault maps discovered:
D:1:      dpeg_arrival_refuge, layout_basic, serial_shops, nicolae_square_shop
D:2:      layout_rooms, st_stairs_12, glass_columns_b,
          chequers_serial_rivers_micro_b, uniq_terence
D:3:      layout_basic, minivault_11, minmay_misc_feat_alley, uniq_grinder
D:4:      layout_layer_cave, grunt_temple_overflow_open, uniq_eustachio

Skill      XL: |  1  2  3  4  5  6 |
---------------+-------------------+-----
Fighting       | 1 2 3 |  3.1
Shields        | 1 2 3 |  3.1
Earth Magic    | 4 5 |  5.1
Stealth        | 3 4 |  4.1
Conjurations   | 1 2 |  2.4
Dodging        | |  1.5
Spellcasting   | |  2.7
Transmutations | |  0.7

Action                     |  1- 3 |  4- 6 |  7- 9 || total
---------------------------+-------+-------+-------++-------
  Melee: Unarmed           |    13 |       |       ||    13
         Dagger            |       |    19 |       ||    19
         Punch             |       |     1 |       ||     1
   Cast: Sandblast         |    38 |    73 |    17 ||   128
         Stone Arrow       |       |     1 |       ||     1
    Use: Scroll            |     3 |     3 |       ||     6
         Potion            |       |       |     1 ||     1
 Armour: Robe              |    19 |    23 |    17 ||    59
  Dodge: Dodged            |    14 |    17 |     2 ||    33
  Block: Kite shield       |       |       |     4 ||     4

Table legend: (Time is in decaauts)
 A = Elapsed time spent in this place.
 B = Non-inter-level travel time spent in this place.
 C = Inter-level travel time spent in this place.
 D = Time resting spent in this place.
 E = Time spent auto-exploring this place.
 F = Levels seen in this place.
 G = Mean time per level.
                   A        B        C        D        E       F      G
               +--------+--------+--------+--------+--------+-----+--------+
         Total |   2789 |   2759 |     30 |    269 |   1953 |   4 |  697.2 |
       Dungeon |   2789 |   2759 |     30 |    269 |   1953 |   4 |  697.2 |
               +--------+--------+--------+--------+--------+-----+--------+

Top non-repeatable levels by time:
     D:1: 947 daAuts
     D:3: 883 daAuts
     D:2: 807 daAuts
     D:4: 151 daAuts
